 Dungeon Crawl Stone Soup version 0.29.1-15-g9cfb28693d (webtiles) character file.

Game seed: 18186335263047919037

16935 CatalinOSBI the Thaumaturge (level 12, -5/72 HPs)
             Began as a Deep Elf Necromancer on Apr 6, 2023.
             Was a Follower of Yredelemnul.
             Killed from afar by a rime drake (28 damage)
             ... with a flash freeze
             ... on level 2 of the Lair of Beasts.
             The game lasted 02:01:16 (16210 turns).

CatalinOSBI the Thaumaturge (Deep Elf Necromancer) Turns: 16210, Time: 02:01:17

Health: -5/72      AC: 11    Str:  5    XL:     12   Next: 14%
Magic:  23/29      EV: 12    Int: 32    God:    Yredelemnul [*.....]
Gold:   572        SH:  0    Dex: 15    Spells: 14/33 levels left

rFire   . . .      SeeInvis .   J - +8 whip "Snakebite" {venom, curare, rPois}
rCold   . . .      Faith    .   (no shield)
rNeg    . . .      Spirit   .   a - +2 robe
rPois   +          Reflect  .   (no helmet)
rElec   .          Harm     .   j - +2 cloak
rCorr   .          Rampage  .   l - +1 pair of gloves
Will    ++...                   H - +1 pair of boots
Stlth   ++........              (no amulet)
HPRegen 0.22/turn               e - ring of willpower
MPRegen 0.21/turn               r - +6 ring of intelligence

@: no status effects
A: no striking features
a: Renounce Religion, Recall Undead Harvest


You were on level 2 of the Lair of Beasts.
You worshipped Yredelemnul.
Yredelemnul was noncommittal.
You visited 2 branches of the dungeon, and saw 10 of its levels.
You also visited: Ice Cave.

You collected 572 gold pieces.

Inventory:

Hand Weapons
 c - a +0 short sword
 d - a +0 rapier
 C - a +2 short sword of venom
 F - a +2 short sword of freezing
 J - the +8 whip "Snakebite" (weapon) {venom, curare, rPois}
   (You found it on level 1 of the Lair of Beasts)

   It poisons the flesh of those it strikes.
   It occasionally inflicts asphyxiating poison on those it strikes, dealing
   poison damage and causing slowness.
   rPois:     It protects you from poison.
Missiles
 g - 3 throwing nets
Armour
 a - a +2 robe (worn)
 j - a +2 cloak (worn)
 l - a +1 pair of gloves (worn)
 m - the +2 scale mail of Decompression {rElec rPois rN+}
   (You found it on level 3 of the Dungeon)

   rElec:     It insulates you from electricity.
   rPois:     It protects you from poison.
   rN:        It protects you from negative energy.
 H - a +1 pair of boots (worn)
 N - an orb of energy
Jewellery
 e - a ring of willpower (left hand)
 n - a +6 ring of dexterity
 r - a +6 ring of intelligence (right hand)
 t - a ring of resist corrosion
Wands
 s - a wand of light (1)
 w - a wand of mindburst (8)
 y - a wand of paralysis (8)
 B - a wand of flame (1)
 D - a wand of digging (4)
 L - a wand of iceblast (9)
Scrolls
 h - 2 scrolls of immolation
 o - 3 scrolls of teleportation
 u - 2 scrolls of poison
 v - 2 scrolls of enchant weapon {unknown}
 x - a scroll of silence
 z - a scroll of fog
 A - 2 scrolls of torment {unknown}
 G - a scroll of blinking
 Q - a scroll of amnesia
Potions
 f - 3 potions of flight
 i - a potion of curing
 p - 2 potions of haste
 q - a potion of cancellation
 E - 4 potions of berserk rage
 K - a potion of mutation
 M - 2 potions of lignification
 O - 2 potions of might
 P - a potion of invisibility {unknown}
 R - 5 potions of ambrosia
Miscellaneous
 I - a phial of floods


   Skills:
 - Level 7.0 Fighting
 - Level 9.0 Short Blades
 * Level 2.3 Maces & Flails
 - Level 2.4 Dodging
 - Level 2.4 Stealth
 * Level 11.4 Spellcasting
 - Level 10.9 Necromancy
 - Level 6.0 Translocations
 - Level 9.0 Poison Magic
 + Level 2.3 Evocations


You had 14 spell levels left.
You knew the following spells:

 Your Spells              Type           Power      Damage    Failure   Level
a - Necrotise             Necr           100%       1d9       1%          1
b - Vampiric Draining     Necr           73%        2d11      1%          3
c - Blink                 Tloc           100%       N/A       1%          2
d - Dispel Undead         Necr           73%        3d24      1%          4
e - Agony                 Necr           73%        N/A       1%          5
f - Sting                 Tmut/Pois      100%       1d8       1%          1
g - Teleport Other        Tloc           54%        N/A       1%          3

Your spell library contained the following spells:

 Spells                   Type           Power      Damage    Failure   Level
 Poisonous Vapours        Pois/Air       94%        N/A       1%          2
 Gell's Gravitas          Tloc           54%        N/A       1%          3
 Lesser Beckoning         Tloc           54%        N/A       1%          3
 Spider Form              Tmut/Pois      47%        N/A       1%          3
 Olgreb's Toxic Radiance  Pois           66%        N/A       1%          4
 Beastly Appendage        Tmut           36%        N/A       2%          1
 Portal Projectile        Hex/Tloc       74%        N/A       2%          3
 Passage of Golubria      Tloc           54%        N/A       2%          4
 Static Discharge         Conj/Air       18%        3-6/arc   4%          2
 Wereblood                Tmut           18%        N/A       4%          2
 Manifold Assault         Tloc           54%        N/A       6%          5
 Call Canine Familiar     Summ           18%        N/A       8%          3
 Dazzling Flash           Conj/Hex       36%        N/A       8%          3
 Iskenderun's Mystic Bla  Conj/Tloc      37%        2d9       8%          4
 Leda's Liquefaction      Hex/Erth       9%         N/A       26%         4
 Sticky Flame             Conj/Fire      18%        2d4       26%         4
 Silence                  Hex/Air        9%         N/A       58%         5
 Starburst                Conj/Fire      9%         6d5       99%         6
 Lehudib's Crystal Spear  Conj/Erth      9%         10d4      100%        8
 Animate Dead             Necr           Unusable   N/A       N/A         4

Dungeon Overview and Level Annotations

Branches:
Dungeon (8/15)             Temple (0/1) D:7            Lair (2/5) D:8
  IceCv (visited)
  Swamp: Lair:2-3    Shoals: Lair:2-3     Snake: Lair:2-3    Spider: Lair:2-3

Altars:
Makhleb
Ru
Uskayaw
Yredelemnul
Zin

Shops:
D:5 (*(


Message History

Press: ? - help, Shift-Dir - straight line, f - rime drake
Aim: a rime drake (catching its breath, ally target, chance to affect: 82%)
Okay, then.
You feel better.
Casting: Teleport Other (safe; 1% risk of failure)
Confirm with . or Enter, or press ? or * to list all spells.
You can't see any susceptible monsters within range! (Use Z to cast anyway.) Unknown command.
Casting: Teleport Other (safe; 1% risk of failure)
Confirm with . or Enter, or press ? or * to list all spells.
You can't see any susceptible monsters within range! (Use Z to cast anyway.) Unknown command.
Casting: Teleport Other (safe; 1% risk of failure)
Confirm with . or Enter, or press ? or * to list all spells.
Okay, then.
You swap places.
The ice encasing you melts away. The rime drake breathes ice at you.
The flash freeze hits you!!
You are encased in ice.
Casting: Teleport Other (safe; 1% risk of failure)
Confirm with . or Enter, or press ? or * to list all spells.
You blink.
Your death yak zombie closely misses the rime drake.
Casting: Blink (safe; 1% risk of failure)
Confirm with . or Enter, or press ? or * to list all spells.
You blink.
The ice encasing you melts away.
You start resting.
A rime drake is nearby!
Casting: Blink (safe; 1% risk of failure)
Confirm with . or Enter, or press ? or * to list all spells.
You blink.
The rime drake bites you.
Casting: Blink (safe; 1% risk of failure)
Confirm with . or Enter, or press ? or * to list all spells.
You blink.
The rime drake breathes ice at you. The flash freeze hits you!!
You die...
Your body rises from the dead as a mindless zombie.

...##Z[....##P...# ......##...#..
...##......##P...# ..............
.ZZZZ'.....P#....# ....#...###
Z...###.######...# ...##...###
...#.#### #...## ...##....#
.....#########....## P..##....##
...................####.###......
.................................
................@................
.................................
.................................
................................#
#...............##k§#.####......#
#...####.###P..Z###.####.#.....##
#....##..###P...##......#
#..........##...##......#
....##.....##...##..........


You could see a rime drake (catching breath, ally target) and a friendly death
yak zombie.

Vanquished Creatures
  5 death yaks
  Pikel (D:6)
  3 elephants (Lair:2)
  4 black mambas
  A cane toad (Lair:1)
  4 komodo dragons
  2 ice devils (IceCv)
  Prince Ribbit (D:5)
  A basilisk (Lair:1)
  2 wyverns (D:8)
  5 yaks (Lair:1)
  6 water moccasins
  An orc warrior (D:7)
  A black bear (D:4)
  3 ice beasts
  3 ogres
  A centaur (D:8)
  4 wolves (Lair:2)
  2 gnoll sergeants
  4 bullfrogs
  A necrophage (D:8)
  3 scorpions
  A cane toad simulacrum (IceCv)
  3 two-headed ogre simulacra (IceCv)
  6 wights (D:8)
  11 killer bees
  A howler monkey (D:6)
  2 orc priests
  2 hounds
  A jelly (D:6)
  A gnoll bouda (D:7)
  3 iguanas (D:7)
  An orc wizard (D:7)
  Ijyb (D:5)
  A polar bear simulacrum (IceCv)
  16 gnolls
  9 adders
  A naga simulacrum (IceCv)
  A shadow imp (D:7)
  A white imp (D:7)
  An ufetubus (D:4)
  2 dart slugs
  15 orcs
  3 bats
  4 endoplasms
  5 giant cockroaches
  2 goblins
  6 hobgoblins
  4 jackals (D:2)
  7 kobolds
  3 quokkas
  7 ball pythons
  A frilled lizard (D:1)
  7 rats (D:1)
187 creatures vanquished.

Vanquished Creatures (collateral kills)
  A death yak (Lair:2)
  3 elephants (Lair:2)
  A rime drake (Lair:1)
  A komodo dragon (Lair:2)
  A queen bee (Lair:1)
  A wraith (D:8)
  Eustachio (D:5)
  A yak (Lair:1)
  A wyvern (D:8)
  2 water moccasins
  A black bear (D:7)
  An ogre (D:4)
  A lemure (D:6)
  A gnoll sergeant (D:8)
  A scorpion (D:5)
  2 wights (D:8)
  15 killer bees (Lair:1)
  A howler monkey (D:5)
  2 iguanas
  An orc wizard (D:6)
  5 gnolls
  A white imp (D:7)
  A dart slug (D:4)
  4 orcs
  A goblin (D:4)
  A kobold (D:1)
  A bush (Lair:1)
53 creatures vanquished.

Vanquished Creatures (others)
  A death yak zombie (Lair:2)
  4 elephant zombies (Lair:2)
  A rime drake zombie (Lair:1)
  A komodo dragon zombie (Lair:2)
  A wyvern zombie (D:8)
  2 water moccasin zombies
  4 yak zombies (Lair:1)
  3 bullfrog zombies
  A centaur zombie (D:8)
  15 killer bee zombies
  An ogre zombie (D:6)
  A hound zombie (D:5)
  A howler monkey zombie (D:5)
  An adder zombie (Lair:1)
  A jelly zombie (D:6)
  A ball python zombie (D:4)
  4 gnoll zombies
  A kobold zombie (D:4)
  6 orc zombies
  A spectral ufetubus (D:4)
  19 fungi
  12 plants
82 creatures vanquished.

Grand Total: 322 creatures vanquished

Notes
Turn   | Place    | Note
-------+----------+-------------------------------------------
     0 | D:1      | CatalinOSBI the Deep Elf Necromancer began the quest for
                  | the Orb.
     0 | D:1      | Reached XP level 1. HP: 10/10 MP: 6/6
   257 | D:1      | Found a faded altar of an unknown god.
   276 | D:1      | Reached skill level 5 in Necromancy
   359 | D:1      | Reached XP level 2. HP: 16/16 MP: 6/8
   873 | D:1      | Reached skill level 1 in Fighting
  1379 | D:2      | Reached XP level 3. HP: 20/20 MP: 6/10
  1770 | D:2      | Reached skill level 4 in Spellcasting
  1781 | D:2      | Reached XP level 4. HP: 26/26 MP: 3/12
  1981 | D:2      | Learned a level 3 spell: Vampiric Draining
  2484 | D:3      | Noticed a scorpion
  2629 | D:3      | Found a basalt altar of Yredelemnul.
  2636 | D:3      | Killed a scorpion
  2637 | D:3      | Reached XP level 5. HP: 27/31 MP: 5/13
  2668 | D:3      | Identified the +2 scale mail of Decompression {rElec rPois
                  | rN+}
  2781 | D:3      | Became a worshipper of Yredelemnul the Dark
  3045 | D:3      | Found a sacrificial altar of Ru.
  3703 | D:4      | Noticed a black bear
  3710 | D:4      | Killed a black bear
  3711 | D:4      | Reached skill level 1 in Short Blades
  3711 | D:4      | Reached skill level 1 in Translocations
  3711 | D:4      | Reached XP level 6. HP: 36/36 MP: 1/14
  4027 | D:4      | Reached * piety under Yredelemnul
  4164 | D:4      | Found a hide-covered altar of Uskayaw.
  4298 | D:4      | Found a burning altar of Makhleb.
  4548 | D:5      | Entered Level 5 of the Dungeon
  4612 | D:5      | Noticed Prince Ribbit
  4653 | D:5      | Killed Prince Ribbit
  4654 | D:5      | Reached XP level 7. HP: 41/41 MP: 4/15
  4959 | D:5      | Noticed Ijyb
  4966 | D:5      | Killed Ijyb
  4968 | D:5      | Reached ** piety under Yredelemnul
  5015 | D:5      | Reached skill level 5 in Short Blades
  5068 | D:5      | Noticed Eustachio
  5089 | D:5      | Killed Eustachio
  5090 | D:5      | Reached XP level 8. HP: 47/47 MP: 9/16
  5444 | D:5      | Found Kaicrik's Assorted Antiques.
  5454 | D:5      | Learned a level 2 spell: Blink
  5467 | D:5      | Found Sauvabef's Antique Weapon Shoppe.
  5671 | D:5      | Identified the +12 trident of Diful {pain, *Corrode rPois
                  | rN+++ Dex-4}
  5727 | D:5      | Found Pacus's Antique Weapon Shop.
  5882 | D:5      | Reached *** piety under Yredelemnul
  6027 | D:6      | Reached skill level 5 in Translocations
  6238 | D:6      | Noticed Pikel
  6244 | D:6      | Killed Pikel
  6245 | D:6      | Reached XP level 9. HP: 53/53 MP: 10/17
  6639 | D:6      | Reached skill level 5 in Fighting
  7315 | D:7      | Learned a level 4 spell: Dispel Undead
  7378 | D:7      | Found a staircase to the Ecumenical Temple.
  7414 | D:7      | Reached skill level 5 in Poison Magic
  7623 | D:7      | Found a glowing silver altar of Zin.
  8461 | D:7      | Identified the +0 leather armour of Trial and Error {rN+}
  9806 | D:8      | Reached XP level 10. HP: 59/59 MP: 13/18
 10075 | D:8      | Found Foylousk's Book Shoppe.
 10198 | D:8      | Found a staircase to the Lair.
 10449 | Lair:1   | Entered Level 1 of the Lair of Beasts
 10465 | Lair:1   | Reached skill level 5 in Spellcasting
 10645 | Lair:1   | Learned a level 5 spell: Agony
 10688 | Lair:1   | Noticed a cane toad
 10694 | Lair:1   | Killed a cane toad
 10977 | Lair:1   | Reached skill level 6 in Spellcasting
 11179 | Lair:1   | Reached skill level 7 in Spellcasting
 11689 | Lair:1   | Reached **** piety under Yredelemnul
 11696 | Lair:1   | Reached ***** piety under Yredelemnul
 11715 | Lair:1   | Reached XP level 11. HP: 39/64 MP: 1/24
 11730 | Lair:1   | Reached skill level 8 in Spellcasting
 11730 | Lair:1   | Reached skill level 10 in Necromancy
 12363 | Lair:1   | Found the +8 whip "Snakebite" {venom, curare, rPois}
 12800 | Lair:2   | Noticed a death yak
 12983 | Lair:2   | Found a frozen archway.
 13074 | IceCv    | Entered an ice cave
 13161 | IceCv    | Learned a level 1 spell: Sting
 13237 | IceCv    | Reached skill level 9 in Spellcasting
 14200 | Lair:2   | Noticed a death yak
 14207 | Lair:2   | Noticed a death yak
 14208 | Lair:2   | Noticed a death yak
 14267 | Lair:2   | Killed a death yak
 14446 | Lair:2   | Noticed a death yak
 14454 | Lair:2   | Noticed a death yak
 14589 | Lair:2   | Reached skill level 10 in Spellcasting
 15066 | Lair:2   | Killed a death yak
 15203 | Lair:2   | Learned a level 3 spell: Teleport Other
 15293 | Lair:1   | Killed a death yak
 15294 | Lair:1   | Reached skill level 1 in Maces & Flails
 15294 | Lair:1   | Reached skill level 1 in Evocations
 15525 | Lair:1   | Killed a death yak
 15526 | Lair:1   | Reached skill level 11 in Spellcasting
 15526 | Lair:1   | Reached XP level 12. HP: 48/72 MP: 11/29
 15743 | Lair:1   | Killed a death yak
 15886 | Lair:2   | Killed a death yak
 16210 | Lair:2   | Killed from afar by a rime drake

Illustrated notes

Levels and vault maps discovered:
D:1:      ncdulo_smallfort, layout_basic, dilly_ecumenical_altar_fadedgnrine,
          chequers_serial_rivers_marsh, nicolae_kite_square_tiling_tiny
D:2:      layout_basic
D:3:      layout_basic, mainiacjoe_overflow_alcove_1,
          mainiacjoe_overflow_boulevard
D:4:      layout_rooms, amcnicky_altar_gilded, nicolae_uskayaw_suspiria
D:5:      layout_gridville, serial_shops, shop, nicolae_shop_crystal,
          nicolae_square_shop, uniq_prince_ribbit1, uniq_eustachio, uniq_ijyb
D:6:      layout_basic, uniq_pikel
D:7:      layout_cave_pods, mainiacjoe_overflow_concentric_impassable,
          minmay_temple_entry_statues_fountains, chequers_ossuary_entry_cave,
          minmay_tree_intersection
D:8:      layout_basic, lair_entry_dummy, serial_shops, shop
Lair:1:   minmay_guarded_unrand_snakebite, layout_misc_corridors, special_room
          [special_room_bee], serial_rivers, chequers_serial_rivers_micro_e,
          chequers_serial_rivers_small_3, chequers_serial_rivers_large_b,
          chequers_serial_rivers_small_b, chequers_serial_rivers_room_b,
          serial_bayou_shore_b
Lair:2:   layout_regular_city, portal_ice_cave_entry_ice_simulacra,
          chequers_serial_rivers_micro_d

Skill      XL: |  1  2  3  4  5  6  7  8  9 10 11 12 |
---------------+-------------------------------------+-----
Necromancy     | 5 6 7 8 9 10 | 10.9
Fighting       | 1 2 3 4 5 6 7 |  7.0
Spellcasting   | 4 7 11 | 11.4
Short Blades   | 1 4 5 6 7 8 9 |  9.0
Translocations | 1 2 3 5 6 |  6.0
Poison Magic   | 3 7 8 9 |  9.0
Maces & Flails | 1 2 |  2.3
Evocations     | 1 2 |  2.3
Dodging        | |  2.4
Stealth        | |  2.4

Action                   |  1- 3 |  4- 6 |  7- 9 | 10-12 || total
-------------------------+-------+-------+-------+-------++-------
Melee: Rapier            |     2 |    14 |    13 |       ||    29
       Punch             |       |       |     2 |     6 ||     8
       Short sword       |       |       |    51 |   185 ||   236
       Whip              |       |       |       |    14 ||    14
 Cast: Necrotise         |    65 |    71 |    58 |    20 ||   214
       Vampiric Draining |       |    12 |    84 |   101 ||   197
       Blink             |       |       |     2 |     9 ||    11
       Dispel Undead     |       |       |     4 |     9 ||    13
       Agony             |       |       |       |    22 ||    22
       Sting             |       |       |       |    10 ||    10
       Teleport Other    |       |       |       |     6 ||     6
Invok: Dark Bargain      |       |       |     1 |       ||     1
Evoke: Wand              |       |       |     4 |    26 ||    30
  Use: Scroll            |     7 |     7 |     6 |     6 ||    26
       Potion            |       |     1 |     2 |    11 ||    14
 Stab: Distracted        |       |       |     2 |     1 ||     3
       Sleeping          |       |       |       |     2 ||     2
       Invisible         |       |       |       |     2 ||     2
Armor: Robe              |     2 |     7 |    41 |    78 ||   128
Dodge: Dodged            |     7 |    26 |    86 |   157 ||   276
